 Dungeon Crawl Stone Soup version 0.29-a0-187-ga23d9638d5 (webtiles) character file.

Game seed: 5286954176324070451

3 kleptis the Ruffian (level 1, -1/16 HPs)
             Began as a Draconian Transmuter on Feb 21, 2022.
             Slain by a jackal (2 damage)
             ... on level 1 of the Dungeon.
             The game lasted 00:01:21 (133 turns).

kleptis the Ruffian (Draconian Transmuter)           Turns: 133, Time: 00:01:22

Health: -1/16      AC:  4    Str: 12    XL:     1   Next: 41%
Magic:  3/3        EV: 12    Int: 13    God:
Gold:   0          SH:  0    Dex: 11    Spells: 3/4 levels left

rFire   . . .      SeeInvis .     - Unarmed
rCold   . . .      Faith    .   (no shield)
rNeg    . . .      Spirit   .   (body armour unavailable)
rPois   .          Reflect  .   (helmet restricted)
rElec   .          Harm     .   (no cloak)
rCorr   .          Rampage  .   (no gloves)
Will    .....                   (no boots)
Stlth   +.........              (no amulet)
HPRegen 0.05/turn               (no ring)
MPRegen 0.08/turn               (no ring)

@: no status effects
A: AC +4, unfitting armour, cold-blooded
a: no special abilities


You were on level 1 of the Dungeon.
You visited 1 branch of the dungeon, and saw 1 of its levels.

Inventory:

Hand Weapons
 a - a +0 flail
 c - a +0 mace
Missiles
 b - 15 stones


   Skills:
 + Level 1.1 Fighting
 + Level 1.9 Dodging
 + Level 3.1 Unarmed Combat
 + Level 2.0 Spellcasting
 + Level 2.0 Transmutations


You had 3 spell levels left.
You knew the following spells:

 Your Spells              Type           Power      Damage    Failure   Level
a - Beastly Appendage     Tmut           12%        N/A       11%         1

Your spell library contained the following spells:

 Spells                   Type           Power      Damage    Failure   Level
 Wereblood                Tmut           6%         N/A       17%         2
 Spider Form              Tmut/Pois      3%         N/A       45%         3
 Ice Form                 Ice/Tmut       3%         N/A       86%         4


Dungeon Overview and Level Annotations

Branches:
Dungeon (1/15)

Altars:


Innate Abilities, Weirdness & Mutations

Your plain brown scales are hard. (AC +4)
You cannot fit into any form of body armour.
You are cold-blooded and may be slowed by cold attacks.


Message History

The jackal bites you but does no damage.
The jackal bites you but does no damage.
Your transformation is almost over.
The jackal barely misses you. The jackal closely misses you.
The jackal bites you but does no damage.
The jackal closely misses you.
The jackal stops to sniff the ground.
The jackal bites you but does no damage. x2
The jackal closely misses you. The jackal barely misses you.
The jackal barely misses you.
The jackal bites you but does no damage.
The jackal barely misses you.
The jackal bites you but does no damage.
The jackal bites you but does no damage.
The jackal barely misses you. The jackal misses you.
Your horns disappear.
Your talons disappear.
The jackal barely misses you. The jackal bites you.
* * * LOW HITPOINT WARNING * * *
The jackal barely misses you.
You hit the jackal but do no damage. The jackal barely misses you.
The jackal closely misses you.
You barely miss the jackal. The jackal misses you.
The jackal bites you but does no damage.
You barely miss the jackal.
Your tail-slap misses the jackal.
The jackal barely misses you. The jackal completely misses you.
The jackal barely misses you.
You closely miss the jackal.
Your tail-slap misses the jackal.
The jackal closely misses you. The jackal bites you.
* * * LOW HITPOINT WARNING * * *
The jackal barely misses you.
You closely miss the jackal. You tail-slap the jackal.
The jackal is moderately wounded.
The jackal barely misses you.
The jackal bites you but does no damage.
You hit the jackal but do no damage.
The jackal is moderately wounded.
The jackal bites you.
You die...

#.#..##..# ..!
.....##..# ..
#.#......# .
#####..#
#..#######
#.g#......
#.........
####.........
#@hhg...#####
#h##...##
#.###.##
#######.# ###
.#### #.......#
...######.#######
#.#......#
.##....#####
.......#


You could see 3 jackals and a hobgoblin.

Vanquished Creatures
  A ball python (D:1)
  A jackal (D:1)
  A frilled lizard (D:1)
3 creatures vanquished.

Notes
Turn   | Place    | Note
-------+----------+-------------------------------------------
     0 | D:1      | kleptis the Draconian Transmuter began the quest for the
                  | Orb.
     0 | D:1      | Reached XP level 1. HP: 16/16 MP: 3/3
   133 | D:1      | Slain by a jackal

Illustrated notes

Levels and vault maps discovered:
D:1:      dpeg_arrival_rooms_b, layout_loops_cross, minmay_surrounded

Action                   || total
-------------------------++-------
Melee: Unarmed           ||    18
       Kick              ||     2
       Tailslap          ||     2
 Cast: Beastly Appendage ||     2
 Stab: Sleeping          ||     1
Armor: Skin              ||    21
Dodge: Dodged            ||    51

Table legend: (Time is in decaauts)
 A = Elapsed time spent in this place.
 B = Non-inter-level travel time spent in this place.
 C = Inter-level travel time spent in this place.
 D = Time resting spent in this place.
 E = Time spent auto-exploring this place.
 F = Levels seen in this place.
 G = Mean time per level.
                   A        B        C        D        E       F      G
               +--------+--------+--------+--------+--------+-----+--------+
         Total |    132 |    132 |      0 |      0 |      0 |   1 |  132.0 |
       Dungeon |    132 |    132 |      0 |      0 |      0 |   1 |  132.0 |
               +--------+--------+--------+--------+--------+-----+--------+

Top non-repeatable levels by time:
     D:1: 132 daAuts
